[Event "*** Titled Tuesday Blitz"]
[Site "Chess.com"]
[Date "2021.04.20"]
[Round "7"]
[White "Sanyura"]
[Black "JoseRemolar"]
[Result "0-1"]
[WhiteElo "2582"]
[BlackElo "2435"]
[TimeControl "180+1"]
[EndTime "11:18:11 PDT"]
[Termination "JoseRemolar won by resignation"]

1. Nf3 Nf6 2. g3 g6 3. Bg2 Bg7 4. O-O O-O 5. d3 d6 6. Nbd2 Nc6 7. e4 e5 8. a4 Be6 9. c3 d5 10. Ng5 Bg4 11. Qb3 h6 12. Ngf3 Na5 13. Qc2 Re8 14.
h3 Bxf3 15. Nxf3 dxe4 16. dxe4 Nc4 17. Rd1 Qe7 18. b3 Nd6 19. Ba3 Rad8 20. Nd2 Qe6 21. Nf1 b6 22. Bxd6 cxd6 23. Ne3 Rc8 24. c4 Nd7 25. Rd2 Nc5 26. Rad1 Bf8 27. h4 Qd7 28. Kh2 Qc6 29. Ng4 Kg7 30. Rd5 h5 31. Ne3 Ne6 32. Qb2 Rcd8 33. Kg1 Be7 34. Nc2 Bf6 35. Nb4 Qc7 36. Qd2 Nd4 37. Qb2 a5 38. Nc2 Re6 39.
Nxd4 exd4 40. Qd2 Qe7 41. Qd3 Re5 42. Rxd4 g5 43. hxg5 Rxg5 44. Rd5 h4 45. Rxg5+ Bxg5 46. gxh4 Bxh4 47. Kf1 Qf6 48. Qf3 Re8 49. Qxf6+ Kxf6 50. Bf3 Ke5 51. Ke2 Kf4 52. Rxd6 f5 53. Rd4 fxe4 54. Bg2 Re6 55. f3 Kg3 56. Rxe4 Rxe4+ 57. fxe4 Kxg2 58. e5 Be7 59. Ke3 Kg3 60. Ke4 Kg4 61. e6 Kg5 62. Ke5 Kg6 63. Kd5 Kf6 64. Kc6 Bc5 65. Kb5 Kxe6 66.
b4 axb4 67. a5 bxa5 68. Kxc5 b3 69. Kd4 b2 70. c5 b1=Q 71. c6 Qc1 72. c7 Qxc7 73. Kd3 a4 0-1

[Event "*** Titled Tuesday Blitz"]
[Site "Chess.com"]
[Date "2021.04.20"]
[Round "7"]
[White "BashirliSaadat"]
[Black "Guzman70"]
[Result "1-0"]
[WhiteElo "2199"]
[BlackElo "2299"]
[TimeControl "180+1"]
[EndTime "11:18:11 PDT"]
[Termination "BashirliSaadat won by checkmate"]

1. e4 c5 2. Nf3 Nc6 3. Bb5 g6 4. O-O Bg7 5. Re1 Nf6 6. c3 O-O 7. d4 d5 8. e5 Ne4 9. Nbd2 Bf5 10. Bxc6 bxc6 11. Nb3 cxd4 12. cxd4 Qb6 13. Be3 f6 14. exf6 Bxf6 15. Nfd2 a5 16. Nxe4 Bxe4 17. a4 Rab8 18.
Ra3 Qc7 19. Nc5 Rxb2 20. Qc1 Rb4 21. Ne6 Qc8 22. Nxf8 Qxf8 23. Qxc6 Rc4 24. Qe6+ Kg7 25.
f3 Bf5 26. Qxd5 Rc2 27. Raa1 Qc8 28. Rac1 h5 29. Rxc2 Qxc2 30. Rc1 Qe2 31. Bf2 h4 32. h3 Qb2 33. Qc4 Bd3 34. Qc3 Qe2 35. Re1 Qc2 36.
Qxc2 Bxc2 37. Ra1 e5 38. d5 e4 39. Rc1 Bxa4 40. fxe4 Be5 41. Rc5 Bd1 42. Rxa5 Bc2 43.
Ra7+ Kh6 44. Rd7 Bxe4 45. Bxh4 g5 46. Bf2 Kg6 47. d6 Bf5 48. Rc7 Bxd6 49. Rc6 Be4 50. Rxd6+ Kf5 51. Rd4 g4 52. Rxe4 Kxe4 53. hxg4 Kf4 54.
g3+ Kxg4 55. Kg2 Kh5 56. Kh3 Kg5 57. g4 Kh6 58. Kh4 Kg6 59. g5 Kh7 60. Kh5 Kg7 61.
g6 Kg8 62. Kh6 Kh8 63. g7+ Kg8 64. Be3 Kf7 65. Kh7 Ke6 66. g8=Q+ Kf5 67. Qg6+ Ke5 68. Bd4+ Kd5 69. Qe8 Kc4 70. Kg6 Kd3 71. Bg1 Kc4 72. Qd8 Kb5 73. Kf5 Kc6 74. Ke5 Kb5 75. Qc8 Ka5 76.
Bh2 Kb5 77. Kd5 Ka5 78. Qb8 Ka6 79. Kc5 Ka5 80. Qa8# 1-0

[Event "*** Titled Tuesday Blitz"]
[Site "Chess.com"]
[Date "2021.04.20"]
[Round "7"]
[White "vova-79"]
[Black "annamaja"]
[Result "0-1"]
[WhiteElo "2529"]
[BlackElo "2289"]
[TimeControl "180+1"]
[EndTime "11:18:12 PDT"]
[Termination "annamaja won on time"]

1. d4 d5 2. c4 e6 3. Nc3 Nf6 4. Nf3 Be7 5. Bf4 O-O 6. e3 c6 7.
Qc2 Nbd7 8. h3 Re8 9. cxd5 exd5 10. Bd3 Nf8 11. O-O Ng6 12. Bh2 Bd6 13. Bxd6 Qxd6 14. Rab1 a5 15. a3 b5 16. Rbc1 b4 17. axb4 axb4 18.
Na4 Ba6 19. Nc5 Bxd3 20. Nxd3 Rec8 21. Qc5 Qxc5 22. Rxc5 Ne4 23. Rcc1 Rab8 24. Nc5 Nd6 25. b3 f6 26. Ra1 Ra8 27. Nd3 Ne7 28. Nxb4 Rxa1 29.
Rxa1 Rb8 30. Ra4 Ne4 31. g4 Kf8 32. Nd3 Rxb3 33. Nf4 Rb1+ 34. Kg2 Rb2 35. Nd3 Rc2 36. Nfe1 Rd2 37. Rb4 h5 38. Rb2 Rxb2 39. Nxb2 hxg4 40. hxg4 Nc8 41. Ned3 Ke7 42. f3 Nc3 43. Kf1 Kd6 44.
Ke1 Nb6 45. Nd1 Nxd1 46. Kxd1 Nc4 47. Ke2 Ke6 48. Nb4 Kd6 49. Kd3 Nb6 50. Na6 Nd7 51.
Kc3 Ke7 52. Kb4 Kd6 53. Ka5 Nf8 54. Nc5 Ng6 55. Nd3 Nh4 56. f4 Ng2 57. g5 Nxe3 58.
gxf6 gxf6 59. Kb4 Ng2 60. Kc3 Ke6 61. Kb4 Kf5 62. Kc5 Nxf4 63. Nb4 Ke4 64. Nxc6 Ne6+ 65.
Kd6 Nxd4 66. Ne7 Nf5+ 0-1

[Event "*** Titled Tuesday Blitz"]
[Site "Chess.com"]
[Date "2021.04.20"]
[Round "7"]
[White "mac0504"]
[Black "GregShahade"]
[Result "1-0"]
[WhiteElo "2602"]
[BlackElo "2698"]
[TimeControl "180+1"]
[EndTime "11:18:13 PDT"]
[Termination "mac0504 won by checkmate"]

1. e4 e5 2. Nf3 Nc6 3. Bb5 a6 4.
Ba4 Nf6 5. O-O Be7 6. Re1 b5 7. Bb3 O-O 8. a4 Bb7 9. d3 d6 10. Nc3 Na5 11. Ba2 b4 12. Ne2 c5 13. Nd2 h6 14.
Ng3 Re8 15. Nc4 Nxc4 16. Bxc4 Bf8 17. a5 d5 18. exd5 Bxd5 19. Be3 Bxc4 20. dxc4 Qc7 21.
Qf3 e4 22. Bf4 Qxa5 23. Rxa5 exf3 24. Rxe8 Rxe8 25. gxf3 Re1+ 26. Kg2 Rb1 27. b3 Rb2 28. Rxa6 Kh7 29. Ra8 Be7 30. Nf5 Ng8 31. Rxg8 Kxg8 32.
Nxe7+ Kh7 33. Bd6 Rxc2 34. Bxc5 Rc3 35. Bxb4 Rxb3 36. Nd5 Kg6 37. Bd2 Kf5 38. Be3 Ke5 39. Nf4 g5 40. Ne2 f5 41. f4+ Kf6 42. fxg5+ hxg5 43. c5 f4 44. Bd4+ Kf5 45. f3 Rb1 46. Kf2 Rd1 47. c6 Rd2 48. Ke1 Rc2 49. Nc3 Ke6 50. Kd1 Rxh2 51. Ne4 Rh1+ 52. Kc2 g4 53. fxg4 Rh2+ 54.
Kd3 f3 55. Nf2 Rh8 56. Ke3 Rc8 57. Kxf3 Rxc6 58. Be3 Rc4 59. g5 Kf7 60. Ng4 Kg8 61.
Ne5 Rc8 62. Bf4 Rc3+ 63. Kg4 Rc2 64. Kf5 Rg2 65. g6 Rxg6 66. Nxg6 Kf7 67. Bg5 Ke8 68.
Ne5 Kf8 69. Ke6 Ke8 70. Nf7 Kf8 71. Nd6 Kg7 72. Kf5 Kf8 73. Kf6 Kg8 74. Bh6 Kh7 75.
Kg5 Kg8 76. Kg6 Kh8 77. Nf5 Kg8 78. Ne7+ Kh8 79. Bg7# 1-0

[Event "*** Titled Tuesday Blitz"]
[Site "Chess.com"]
[Date "2021.04.20"]
[Round "7"]
[White "kai_nov"]
[Black "NoboaKevin1999"]
[Result "0-1"]
[WhiteElo "2313"]
[BlackElo "2457"]
[TimeControl "180+1"]
[EndTime "11:18:16 PDT"]
[Termination "NoboaKevin1999 won on time"]

1. d4 Nf6 2. c4 e6 3. Nc3 Bb4 4. f3 c5 5. d5 exd5 6. cxd5 d6 7. e4 O-O 8. Ne2 a6 9. Ng3 b5 10. a4 Bb7 11. Be2 Qb6 12. O-O c4+ 13. Kh1 Nbd7 14.
Nf5 Ne5 15. Qe1 Kh8 16. Qh4 Ng6 17. Qg3 Rae8 18. h4 Rg8 19. h5 Ne7 20. Nxe7 Rxe7 21.
Bg5 Re5 22. h6 Ne8 23. axb5 gxh6 24. f4 Bxc3 25. bxc3 Rxe4 26. Bf3 Re3 27. bxa6 Bxa6 28. Rfb1 Qa7 29. Qf2 hxg5 30. Rxa6 Qxa6 31. Qxe3 gxf4 32. Qxf4 Ng7 33. Qf6 Qa2 34. Rb8 Rxb8 35. Qxd6 Qb1+ 36. Kh2 Rg8 37. Qf6 Qg6 38. Qe5 Qf5 39. Qd4 Qd7 40.
Qxc4 Rd8 41. Qd4 Qd6+ 42. Kg1 f6 43. c4 Nf5 44. Qd3 Qe5 45. c5 Qe3+ 46. Qxe3 Nxe3 47.
d6 Nf5 48. Bd5 Nxd6 49. cxd6 Rxd6 50. Be4 Kg7 51. Kf2 h6 52. Kf3 Ra6 53. g4 Ra4 54.
Kf4 Kf7 55. Kf3 Ke6 56. Bf5+ Ke5 57. Bd7 Ra3+ 58. Kf2 Kf4 59. Be6 Kg5 60. Kg2 Rc3 61. Bd7 h5 62. gxh5 Kxh5 63. Kf2 Kg5 64. Be6 Kf4 65. Bd5 f5 66. Bb7 Rc2+ 67. Kf1 Rb2 68.
Bc6 Ke3 69. Bd5 f4 70. Bc6 f3 71. Kg1 f2+ 72. Kg2 Rb1 0-1

[Event "*** Titled Tuesday Blitz"]
[Site "Chess.com"]
[Date "2021.04.20"]
[Round "7"]
[White "IANOV0007"]
[Black "Jospem"]
[Result "0-1"]
[WhiteElo "2460"]
[BlackElo "2963"]
[TimeControl "180+1"]
[EndTime "11:18:17 PDT"]
[Termination "Jospem won on time"]

1. Nf3 c5 2. g3 Nc6 3. Bg2 g6 4. c4 Bg7 5. Nc3 d6 6. O-O e6 7. d3 Nge7 8. Bg5 h6 9. Bd2 O-O 10. a3 b6 11. Rb1 Bb7 12. b4 Qd7 13. Qc1 Kh7 14. Rd1 f5 15. e3 Rac8 16. Nb5 e5 17. Nc3 Nd8 18. e4 g5 19. bxc5 dxc5 20. Nd5 f4 21. Bc3 Ng6 22. a4 Nf7 23. a5 bxa5 24.
Bxa5 Bc6 25. Bc3 Qd6 26. Qa3 g4 27. Nd2 Ng5 28. Qxa7 Rf7 29. Qa1 Rcf8 30. Rb6 fxg3 31. fxg3 Nh3+ 32. Bxh3 gxh3 33. Rf1 Rxf1+ 34. Nxf1 Rf3 35.
Qd1 Rf7 36. Nfe3 Rb7 37. Nf5 Qd7 38. Rxb7 Qxb7 39. Qf1 Bxd5 40. exd5 Qb3 41. Qc1 Bf8 42. d6 Qb7 43. Qc2 Qd7 44. Qf2 Bxd6 45. Nxd6 Qxd6 46.
Qf7+ Kh8 47. Qf5 Kg8 48. Kf2 Kg7 49. Ke3 Qe7 50. Qxh3 Qg5+ 51. Ke2 Qf6 52. Qd7+ Kg8 53. Qd5+ Kh7 54. Qxc5 h5 55. Qc7+ Kh6 56. Bd2+ Nf4+ 57.
gxf4 Kg6 58. Qxe5 Qa6 59. Qg5+ Kf7 60. Qxh5+ Kf8 61. Qh8+ Kf7 62. Qh7+ Ke8 63. Qg8+ Ke7 64. Bb4+ Kd7 65. Qg7+ Kd8 66. Qf8+ Kd7 67. Qe7+ Kc8 68.
Qe8+ Kc7 69. Qe7+ Kc8 70. f5 Qa2+ 71. Ke3 Qb1 72. Qe6+ Kb7 73. Qd7+ Ka8 74. Qc6+ Ka7 0-1

[Event "*** Titled Tuesday Blitz"]
[Site "Chess.com"]
[Date "2021.04.20"]
[Round "7"]
[White "eCztery"]
[Black "sorrm8thatscheckm8"]
[Result "0-1"]
[WhiteElo "2405"]
[BlackElo "2580"]
[TimeControl "180+1"]
[EndTime "11:18:20 PDT"]
[Termination "sorrm8thatscheckm8 won on time"]

1. e4 c5 2. Nf3 Nc6 3. Nc3 Nf6 4.
Bb5 Nd4 5. Bc4 d6 6. h3 g6 7.
d3 Bg7 8. Nxd4 cxd4 9. Ne2 Nd7 10. O-O O-O 11. c3 dxc3 12. bxc3 Nb6 13. Bb3 d5 14. Bg5 dxe4 15. dxe4 Qc7 16. Qc2 Nc4 17. Bxe7 Ne3 18. fxe3 Qxe7 19. Nd4 Be5 20. Rad1 Qg5 21. Rf3 Bc7 22. Rdf1 Qe5 23. Bxf7+ Kg7 24. g4 Bd7 25. Qf2 Qxe4 26. Qh4 Qe5 27. R1f2 Bd8 28. g5 Bxg5 29. Nf5+ Qxf5 30. Qd4+ Bf6 31. Qxf6+ Qxf6 32. Rxf6 Bf5 33. R6xf5 gxf5 34. Be6 Rf6 35. Bxf5 Rd8 36. e4 Rc6 37. Kh2 Rxc3 38. e5 Re3 39. Rg2+ Kf7 40. e6+ Kf6 41. Bg4 h5 42. Rf2+ Kg6 43. Bf5+ Kh6 44. Rg2 h4 45. Rg6+ Kh5 46. Rg2 Rd4 47. Bg4+ Kh6 48. Rf2 Rde4 49. Kg2 Kg6 50. Bf5+ Kg5 51. Bxe4 Rxe4 52. Rf7 Rxe6 53. Rg7+ Kf4 54. Rxb7 Re2+ 55. Kf1 Rxa2 56. Rg7 Kf3 57. Rf7+ Kg3 58. Rg7+ Kxh3 59.
Kg1 a5 60. Rg6 a4 61. Rg5 a3 62. Rg8 Ra1+ 63. Kf2 a2 64. Ra8 Rh1 65. Kf3 a1=Q 66. Re8 Qf1+ 0-1

[Event "*** Titled Tuesday Blitz"]
[Site "Chess.com"]
[Date "2021.04.20"]
[Round "7"]
[White "1977Ivan"]
[Black "JoachimMouhamad"]
[Result "1-0"]
[WhiteElo "2712"]
[BlackElo "2458"]
[TimeControl "180+1"]
[EndTime "11:18:25 PDT"]
[Termination "1977Ivan won by checkmate"]

1. d4 d5 2. c4 e6 3. Nc3 a6 4. c5 e5 5. dxe5 Be6 6. Be3 Nh6 7. Nf3 Nf5 8. Bg5 Qd7 9. g4 Ne7 10. h3 Ng6 11. Be3 Nc6 12. Bd4 Nxd4 13. Qxd4 b6 14.
cxb6 cxb6 15. e3 Bc5 16. Qd2 O-O 17. Bg2 Rfd8 18. O-O Bxg4 19. hxg4 Qxg4 20. Ne2 Re8 21. b4 Bf8 22. Qd4 Qd7 23. Rfd1 Rad8 24. Ng3 a5 25. a3 axb4 26. axb4 Qb5 27. Nf5 Re6 28. Bf1 Qxb4 29. Rab1 Qa5 30. Rb5 Qa8 31. Rxd5 Rde8 32. Bg2 Bc5 33.
Qd3 h6 34. Rd8 Qa4 35. Rxe8+ Rxe8 36. Nd6 Rf8 37. Qd5 Qg4 38. Ne4 Be7 39. Ng3 Rd8 40. Qb3 Rxd1+ 41. Qxd1 Nxe5 42. Qd5 Nxf3+ 43. Bxf3 Qe6 44.
Kg2 Qxd5 45. Bxd5 g6 46. Ne4 Kg7 47. f4 f5 48. Nd2 Bc5 49. Kf3 g5 50. Nc4 g4+ 51.
Ke2 h5 52. Ne5 h4 53. e4 fxe4 54. Nxg4 e3 55. Nxe3 h3 56. Ng4 Kg6 57. Kf3 Kh5 58. Kg3 Kg6 59. Be4+ Kf7 60. Kxh3 b5 61. f5 b4 62. Kh4 Kf8 63. Kg5 b3 64. Kg6 b2 65.
f6 Bd4 66. f7 Ke7 67. Nh6 Kf8 68. Nf5 Bf6 69. Bb1 Be5 70. Ne3 Bd4 71. Nd5 Bf6 72. Nxf6 Ke7 73. Nh7 Ke6 74. f8=Q Ke5 75. Qf5+ Kd4 76.
Qe4+ Kc3 77. Kf5 Kb3 78. Ke5 Ka3 79. Kd5 Kb3 80. Kc5 Kc3 81. Qe3# 1-0

[Event "*** Titled Tuesday Blitz"]
[Site "Chess.com"]
[Date "2021.04.20"]
[Round "7"]
[White "HrvojeZagreb"]
[Black "Das_Virus_2020"]
[Result "0-1"]
[WhiteElo "2283"]
[BlackElo "2483"]
[TimeControl "180+1"]
[EndTime "11:18:26 PDT"]
[Termination "Das_Virus_2020 won by resignation"]

1. d4 Nf6 2. Bf4 c5 3. e3 Qb6 4. Na3 d6 5. Nc4 Qc7 6. a4 g6 7.
h4 h5 8. c3 Bg7 9. dxc5 Qxc5 10. Nxd6+ exd6 11. Bxd6 Qd5 12. Qxd5 Nxd5 13. O-O-O Be6 14.
Nf3 Nc6 15. Ng5 O-O-O 16. Nxe6 fxe6 17. Bg3 Be5 18. f4 Nxe3 19. Rxd8+ Rxd8 20. Be2 Bc7 21. Rg1 Nf5 22. Bh2 Nxh4 23. g4 hxg4 24. Bxg4 Nf5 25. Re1 Re8 26. Bg1 e5 27. fxe5 Rxe5 28. Rxe5 Bxe5 29.
Bh3 Kc7 30. Kc2 Bf4 31. b4 a6 32. b5 axb5 33. axb5 Nce7 34. c4 b6 35. Kd3 Bd6 36.
Ke4 Bc5 37. Bh2+ Kd7 38. Bb8 Ke6 39. Ba7 Kf6 40. Bg4 Nd6+ 41. Kd3 Nec8 42. Bb8 Ne7 43. Bd7 g5 44. Bc7 Ng6 45. Bxd6 Bxd6 46. Ke4 Bc5 47. Kd5 Nf4+ 48. Ke4 Ne6 49. Kd5 Nd4 50.
Bc8 Nc2 51. Ke4 Ne3 52. Kd3 g4 53. Bxg4 Nxg4 54. Ke4 Ke6 55. Kd3 Ne5+ 56. Kc3 Kf5 57. Kb3 Ke4 58. Ka4 Kd4 59. Kb3 Nxc4 60. Ka4 Nd6 61.
Kb3 Nxb5 62. Ka4 Nd6 63. Kb3 b5 64. Ka2 Kc3 65. Kb1 b4 66. Ka2 b3+ 67. Kb1 Nc4 68. Ka1 Nb6 69. Kb1 Kb4 70. Kb2 Bd4+ 71. Kb1 Ka3 72. Kc1 Nc4 73. Kb1 Nd2+ 74. Kc1 b2+ 75. Kxd2 b1=Q 76. Ke2 Qc2+ 77. Kf1 0-1

[Event "*** Titled Tuesday Blitz"]
[Site "Chess.com"]
[Date "2021.04.20"]
[Round "7"]
[White "sokidze"]
[Black "Zhigalko_Sergei"]
[Result "0-1"]
[WhiteElo "2750"]
[BlackElo "2923"]
[TimeControl "180+1"]
[EndTime "11:18:29 PDT"]
[Termination "Zhigalko_Sergei won by resignation"]

1. d4 Nf6 2. g3 e6 3. Bg2 d5 4. Nf3 b5 5. O-O Be7 6. a4 b4 7. c4 bxc3 8. Nxc3 O-O 9. Bf4 Bb7 10. Rc1 Nbd7 11. a5 c5 12. Qa4 Rc8 13. dxc5 Nxc5 14. Qa2 Na6 15. Nb5 Nb4 16. Qa4 a6 17. Nbd4 Ne4 18.
Ne5 Qe8 19. Qxe8 Rfxe8 20. Bxe4 dxe4 21. Be3 Nd5 22. Bd2 Bf6 23. f4 exf3 24. Ndxf3 Ne7 25. Bc3 Nf5 26. Kf2 Be7 27. Rfd1 Bc5+ 28. Ke1 Bd5 29. Bd2 h6 30. Bc3 Ne3 31. Rd3 Be4 32. Rd7 f6 33. Nd3 Bf8 34. Nb4 Nd5 35. Nxd5 Bxd5 36. Nd2 Red8 37.
Rxd8 Rxd8 38. e4 Bb7 39. Ke2 Kf7 40. e5 f5 41. Nc4 Bd5 42. Nb6 Be4 43. Bd2 Ke8 44.
Rc7 g5 45. Ra7 g4 46. Ke1 h5 47. Rxa6 Bc5 48. Ra7 Rd3 49. Rh7 f4 50. gxf4 Bxh7 51. a6 Bxb6 52. a7 Bxa7 53. Bc3 Be3 54. Ke2 Bxf4 55.
b4 Re3+ 56. Kd2 Rh3+ 57. Ke2 Rxh2+ 58. Ke1 Bg3+ 59. Kf1 Be4 60. b5 Bd3+ 61. Kg1 Bxb5 62. Be1 Bxe1 63. Kxh2 h4 64. Kg2 Bg3 65. Kg1 Bxe5 66.
Kg2 Bd7 67. Kg1 Kf7 68. Kf2 Kf6 69. Kg2 Kf5 70. Kf2 Kf4 71. Kg1 Kf3 72. Kf1 Bc3 73.
Kg1 Bc6 74. Kh2 e5 75. Kg1 g3 76. Kf1 h3 77. Kg1 Bb5 78. Kh1 e4 79. Kg1 e3 0-1

[Event "*** Titled Tuesday Blitz"]
[Site "Chess.com"]
[Date "2021.04.20"]
[Round "7"]
[White "MPGM"]
[Black "c_r_e_e_p_e_r"]
[Result "0-1"]
[WhiteElo "2504"]
[BlackElo "2376"]
[TimeControl "180+1"]
[EndTime "11:18:33 PDT"]
[Termination "c_r_e_e_p_e_r won by resignation"]

1. c4 Nf6 2. Nc3 e6 3. e4 d5 4. e5 Ne4 5. Qg4 Na6 6. Nxe4 dxe4 7. Qxe4 Bd7 8. a3 Nc5 9. Qc2 Ba4 10. Qc3 Nb3 11.
Rb1 Bc5 12. Nf3 Nd4 13. b3 Bc6 14. Nxd4 Bxd4 15. Qg3 O-O 16. Bb2 Be4 17. d3 Bxb2 18. Rxb2 Qd4 19. Rc2 Qa1+ 20. Kd2 Rad8 21. h4 Bxd3 22.
Bxd3 Qxh1 23. Rc1 Rxd3+ 24. Qxd3 Qxg2 25. Qe3 Qg6 26. Kc3 Rd8 27. Rc2 h6 28. Rd2 Rxd2 29. Qxd2 Qe4 30. Qd8+ Kh7 31. Qxc7 Qe1+ 32. Kd3 Qd1+ 33. Kc3 Qe1+ 34. Kd3 Qf1+ 35. Ke3 Qc1+ 36. Kf3 Qh1+ 37. Ke2 Qe4+ 38. Kd2 Qd4+ 39. Ke2 Qb2+ 40. Kf1 Qxb3 41. Qxf7 Qxc4+ 42. Ke1 Qe4+ 43. Kf1 Qh1+ 44. Ke2 Qe4+ 45. Kf1 Qxe5 46. Qxb7 Qd4 47. Qb3 Qxh4 48. Qc2+ Kg8 49. Qc8+ Kf7 50. Qd7+ Qe7 51. Qd3 e5 52. Qf3+ Kg8 53. Qd5+ Kh7 54. Qe4+ g6 55. Qd3 Kg7 56.
Qe3 e4 57. Qd4+ Kf7 58. Qd5+ Qe6 59. Qb7+ Qe7 60. Qd5+ Kg7 61. Qd4+ Kh7 62. Qe3 g5 63. Qc3 Kg6 64. Qe3 Kf5 65. Qh3+ Kg6 66. Qe3 Qe5 67.
Qxa7 h5 68. Qb6+ Kf5 69. Qc6 h4 70. Qd7+ Kf4 71. Qf7+ Qf5 72. Qc7+ Kg4 73. Qc3 Qf3 74. Qxf3+ Kxf3 75. a4 h3 76. Kg1 g4 77. a5 g3 78.
fxg3 e3 79. a6 e2 80. a7 e1=Q+ 81. Kh2 Qf2+ 0-1

[Event "*** Titled Tuesday Blitz"]
[Site "Chess.com"]
[Date "2021.04.20"]
[Round "7"]
[White "InvisibleWarrior2252"]
[Black "azikom"]
[Result "1-0"]
[WhiteElo "2532"]
[BlackElo "2633"]
[TimeControl "180+1"]
[EndTime "11:18:40 PDT"]
[Termination "InvisibleWarrior2252 won on time"]

1. e4 e5 2. Nf3 Nc6 3. Bc4 Bc5 4. c3 Nf6 5. d3 Bb6 6. Bb3 d6 7. h3 Ne7 8. Nbd2 Ng6 9. Nf1 O-O 10. Ng3 c6 11. Nh2 Be6 12. Ng4 Bxb3 13. axb3 Ne8 14. Nf5 d5 15. Qe2 f6 16. h4 Rf7 17. Qf3 Qd7 18.
h5 Nf8 19. Be3 Bxe3 20. Nfxe3 dxe4 21. dxe4 Qe6 22. b4 a6 23. O-O Rd8 24. Rad1 Rfd7 25.
Nf5 Kh8 26. Rxd7 Rxd7 27. Rd1 Qf7 28. h6 Rxd1+ 29. Qxd1 g6 30. Nfe3 Qd7 31. Qf3 Qe6 32. Nf1 Kg8 33. Nge3 Nd6 34. Nd2 Kf7 35. c4 Ne8 36. c5 Nc7 37. Ndc4 Nb5 38. Qd1 Nd7 39. g3 Ke7 40. Qd2 Qf7 41. Kg2 Qe6 42. g4 Nd4 43.
f3 Nb5 44. b3 Nd4 45. Qc3 Nb5 46. Qd3 Nd4 47. Nd6 Nb5 48. Nxb7 Nd4 49. Na5 Kd8 50.
Nec4 Ke7 51. Ne3 Kf7 52. Nc2 Nxc2 53. Qxc2 Ke7 54. Qc4 Qxc4 55. bxc4 Nf8 56. Nxc6+ Kd7 57. Na5 Ne6 58. Kf2 Nf4 59. Ke3 Ne6 60. Nb3 Kc6 61.
Kd3 Nf4+ 62. Ke3 Ne6 63. Na5+ Kc7 64. Kd3 Nd4 65. f4 Ne6 66. f5 gxf5 67. exf5 Ng5 68. b5 Nf7 69. b6+ 1-0

[Event "*** Titled Tuesday Blitz"]
[Site "Chess.com"]
[Date "2021.04.20"]
[Round "7"]
[White "Sibelephant"]
[Black "amintabatabaei"]
[Result "0-1"]
[WhiteElo "3088"]
[BlackElo "3008"]
[TimeControl "180+1"]
[EndTime "11:18:42 PDT"]
[Termination "amintabatabaei won by resignation"]

1. Nf3 d5 2. g3 g6 3. Bg2 Bg7 4. d4 Nf6 5. O-O O-O 6. c3 c6 7. Nbd2 Bf5 8. Nh4 Bg4 9. Re1 Nbd7 10. Qb3 Qb6 11. e4 dxe4 12. Nxe4 Nxe4 13. Rxe4 Be6 14. Rxe6 Qxb3 15. axb3 fxe6 16. Bh3 Kf7 17. Bd2 Rfd8 18. Nf3 h6 19. Re1 Nf8 20. Bf4 a5 21. Be5 Bf6 22. Ra1 g5 23. Bg4 Nd7 24. Bh5+ Kg7 25. Bc7 Rdc8 26. Be5 Bxe5 27. dxe5 Nc5 28. Nd4 Rd8 29.
Bg4 Rxd4 30. cxd4 Nxb3 31. Rd1 Rd8 32. Bxe6 Nxd4 33. Bg4 Kg6 34. Rd3 h5 35. Bd1 c5 36.
Re3 g4 37. Kf1 Kf5 38. Ke1 Rd5 39. Ra3 b6 40. Rc3 Rxe5+ 41. Kd2 Rd5 42. Ke3 e5 43. Ba4 b5 44. Bd1 c4 45. Rc1 a4 46. Rc3 Rd6 47. Rc1 Kf6 48. Rc3 Nf5+ 49. Ke2 Nd4+ 50. Ke3 Ne6 51. Bc2 Nc5 52. Bh7 Rd7 53. Bc2 Rd6 54.
f3 Rd4 55. Bh7 b4 56. Rc1 gxf3 57. Kxf3 Nb3 58. Rc2 Ke6 59. Bg8+ Kd6 60. Ke3 Kc5 61. Rf2 Rd1 62. Rf8 Re1+ 63. Kf2 Rb1 64. Rc8+ Kd6 65.
Rd8+ Ke7 66. Rb8 Rxb2+ 67. Ke3 Nd2 68. Rb7+ Kd6 69. Rb8 a3 70. Rd8+ Ke7 71. Ra8 a2 72. Ra6 b3 73. Ra7+ Kd6 74. Ra6+ Kc5 75. Ra8 Rb1 76.
Rc8+ Kd6 77. Kxd2 a1=Q 0-1

[Event "*** Titled Tuesday Blitz"]
[Site "Chess.com"]
[Date "2021.04.20"]
[Round "7"]
[White "HanSchut"]
[Black "PotapovaM"]
[Result "1-0"]
[WhiteElo "2279"]
[BlackElo "2471"]
[TimeControl "180+1"]
[EndTime "11:18:56 PDT"]
[Termination "HanSchut won by checkmate"]

1. e4 e6 2. d4 d5 3. Nd2 c5 4.
dxc5 Bxc5 5. Bd3 Nc6 6. c3 Nf6 7. Qe2 O-O 8. Ngf3 e5 9. h3 dxe4 10. Nxe4 Nxe4 11. Bxe4 Re8 12. O-O Bf8 13. Ng5 g6 14.
Rd1 Qc7 15. Bd5 Nd8 16. Bb3 Ne6 17. Ne4 Bg7 18. Be3 Bd7 19. Rd2 Bc6 20. Ng5 Nxg5 21. Bxg5 Kh8 22. Rad1 f6 23. Be3 f5 24. Bg5 e4 25. Qe3 Rf8 26. Bf4 Qa5 27. a3 Qb6 28.
Bh6 Qxe3 29. Bxe3 f4 30. Bd4 Rae8 31. Bxg7+ Kxg7 32. Bd5 Bxd5 33. Rd4 Re7 34. Rxd5 e3 35. fxe3 fxe3 36. Re1 Rf2 37. b4 Kf6 38. Rd3 Rd2 39.
Rdxe3 Red7 40. Re6+ Kf7 41. R6e2 R2d3 42. Re3 R3d5 43. Kf2 Kf6 44. Rf3+ Kg7 45. Re2 Rd1 46. Rfe3 Kf6 47. Rf3+ Kg7 48. Rfe3 Kf6 49. a4 Kf7 50. a5 Rb1 51. Re6 Rc1 52. R2e3 Rc2+ 53. Kf3 Rdd2 54.
Re7+ Kf8 55. Rxb7 Rf2+ 56. Ke4 Rxg2 57. Kd4 Rgd2+ 58. Kc4 Rd8 59. Rf3+ Kg8 60. Rc7 Re8 61. Rff7 Re3 62. Kb5 Re8 63. Rg7+ Kh8 64. Rxh7+ Kg8 65.
Rcg7+ Kf8 66. Rf7+ Kg8 67. Rc7 Rb8+ 68. Ka6 Re8 69.
c4 Rb2 70. b5 Ra2 71. Rcg7+ Kf8 72. Rh8+ Kxg7 73. Rxe8 g5 74. Re7+ Kf6 75. Rxa7 Kf5 76. Rg7 Kf4 77. b6 Rc2 78. b7 Rb2 79. Ka7 Kg3 80.
b8=Q+ Rxb8 81. Kxb8 Kh4 82. Rxg5 Kxg5 83. c5 Kf4 84. c6 Kg5 85. c7 Kh4 86. c8=Q Kh5 87. Qc4 Kg5 88. a6 Kh5 89. a7 Kg5 90. a8=Q Kh5 91.
Ka7 Kg5 92. Qac6 Kh5 93. Q6b5+ Kh6 94. Qcc6+ Kh7 95. Qbb7+ Kh8 96. Qcc8# 1-0

[Event "*** Titled Tuesday Blitz"]
[Site "Chess.com"]
[Date "2021.04.20"]
[Round "7"]
[White "nikitakhoroshev"]
[Black "TimofeevAr"]
[Result "1-0"]
[WhiteElo "2638"]
[BlackElo "2809"]
[TimeControl "180+1"]
[EndTime "11:19:02 PDT"]
[Termination "nikitakhoroshev won by resignation"]

1. e4 d5 2. exd5 Qxd5 3. Nc3 Qd8 4. Bc4 Nf6 5. d4 g6 6. Nge2 Bg7 7. O-O O-O 8. h3 b6 9. Be3 Ba6 10. Qd3 Qc8 11.
Rad1 Rd8 12. Bxa6 Qxa6 13. Qxa6 Nxa6 14. a3 c6 15. Rfe1 Nc7 16. Nf4 Rac8 17. Bc1 e6 18.
Nce2 Nb5 19. a4 Nd6 20. Nd3 Kf8 21. Kf1 Nf5 22. c3 c5 23. dxc5 bxc5 24. Ne5 Nd5 25.
Nc4 Nb6 26. Nxb6 axb6 27. b3 Ke7 28. g4 Nd6 29. f3 Kd7 30. Bg5 f6 31. Be3 Kc6 32.
Rd2 Nf7 33. Red1 Rxd2 34. Rxd2 f5 35. Kf2 Ra8 36. c4 g5 37. Rd1 h6 38. Kg2 Re8 39. Nc1 Ne5 40. Nd3 Ng6 41. Bf2 Bc3 42. Bg3 Bd4 43. b4 Ra8 44. Re1 Kd7 45. a5 bxa5 46.
bxc5 a4 47. c6+ Kxc6 48. Rxe6+ Kb7 49. Rxg6 a3 50. Nc1 a2 51. Nxa2 Rxa2+ 52. Kf1 f4 53. Be1 Ra1 54. Ke2 Ra2+ 55. Kd3 Bc5 56. Bd2 Ra3+ 57. Ke4 Ra2 58. Kd5 Rxd2+ 59. Kxc5 Rd3 60. Rxh6 Rxf3 61. Rh7+ Kb8 62. Kc6 Rf1 63. c5 f3 64.
Rh8+ Ka7 65. Rf8 f2 66. Rf7+ Ka6 67. Rf8 Ka5 68. Kc7 Rc1 69. Rxf2 Rxc5+ 70. Kd6 Rc3 71. Rf5+ Kb6 72. Rxg5 Rxh3 73. Rd5 Rg3 74. g5 Rg1 75.
Ke6 Kc6 76. Ra5 Re1+ 77. Re5 Rg1 78. Kf6 Kd6 79. Re2 Rf1+ 80. Kg7 Rg1 81. g6 Kd7 82.
Kf7 Rf1+ 83. Kg8 Rg1 84. g7 Kd6 85. Re4 Kd5 86. Re8 Kd6 87. Re3 Rg2 88. Kf7 Rf2+ 89. Ke8 Rg2 90. Re7 Rg1 91. Kf8 Rf1+ 92. Rf7 Rxf7+ 93.
Kxf7 1-0

[Event "*** Titled Tuesday Blitz"]
[Site "Chess.com"]
[Date "2021.04.20"]
[Round "7"]
[White "lucachess49"]
[Black "Nf3c5"]
[Result "0-1"]
[WhiteElo "2438"]
[BlackElo "2623"]
[TimeControl "180+1"]
[EndTime "11:19:06 PDT"]
[Termination "Nf3c5 won by resignation"]

1. d4 Nf6 2. c4 g6 3. f3 d5 4. cxd5 Nxd5 5. e4 Nb6 6. Nc3 Bg7 7. Be3 O-O 8. Qd2 e5 9. d5 c6 10. Rd1 N8d7 11. h4 cxd5 12. exd5 h5 13. Nh3 Nf6 14. Nf2 e4 15. fxe4 Ng4 16. Nxg4 Bxg4 17. Be2 Bxe2 18. Qxe2 Re8 19. Bg5 Qc8 20. O-O Nc4 21.
d6 Nxd6 22. Qf2 Qe6 23. Bf6 Bh6 24. e5 Nf5 25. Rd3 Rac8 26. Rfd1 Rc4 27. g3 Rg4 28.
Kh2 Qa6 29. Nd5 Qc4 30. Bg5 Bg7 31. Bf6 Bf8 32. Bg5 Bg7 33. Bf6 Bh6 34. b3 Qc6 35. Bg5 Rxg5 36. Nf6+ Kh8 37. hxg5 Bxg5 38. Nxe8 Qxe8 39.
Qf3 Qxe5 40. Rd5 Qb2+ 41. R5d2 Bxd2 42. Qe2 Bc3 43. Qxb2 Bxb2 44. Rd7 b5 45. Rxa7 Kg7 46. Rb7 Nd4 47. a4 bxa4 48. bxa4 Bc3 49. Rc7 Be1 50. Rc4 Ne6 51. Rc6 Nd4 52. Ra6 Nf5 53. Kg2 Bxg3 54. a5 Bc7 55. Ra7 Bxa5 56. Rxa5 Kh6 57. Ra6 Kg5 58. Ra5 f6 59. Ra4 Nh6 60. Ra5+ f5 61.
Ra6 Ng4 62. Kg3 h4+ 63. Kh3 Nf6 64. Ra5 Nh5 65. Ra4 Nf4+ 66. Kh2 Kg4 67. Ra1 g5 68.
Rg1+ Kh5 69. Rf1 Kg6 70. Ra1 g4 71. Ra4 Kg5 72. Ra8 g3+ 73. Kg1 Kg4 74. Rg8+ Kf3 75.
Ra8 h3 76. Ra3+ Kg4 77. Ra8 Ne2+ 78. Kf1 g2+ 79. Kxe2 h2 80. Rg8+ Kf4 81. Rxg2 h1=Q 82. Rf2+ Ke4 83. Rf1 Qg2+ 84. Rf2 Qg4+ 85. Ke1 f4 86.
Re2+ Kd3 87. Rd2+ Ke3 88. Rf2 Qg1+ 89. Rf1 Qg3+ 90. Kd1 f3 91. Re1+ Kd3 92. Rf1 Qg2 93. Rf2 Qxf2 0-1